 Dungeon Crawl Stone Soup version 0.22.0-32-gbc6daba (webtiles) character file.

31532 Lauz the Severer (level 13, -9/117 HPs)
             Began as a Minotaur Berserker on Aug 23, 2018.
             Was a High Priest of Trog.
             Mangled by a harpy (17 damage)
             ... summoned by Kirke
             ... on level 4 of the Lair of Beasts.
             The game lasted 00:58:05 (15287 turns).

Lauz the Severer (Minotaur Berserker)              Turns: 15287, Time: 00:58:07

Health: -9/117     AC:  0    Str: 26    XL:     13   Next: 26%
Magic:  12/12      EV: 14    Int:  4    God:    Trog [*****.]
Gold:   1153       SH:  0    Dex: 11    Spells: 12/12 levels left

rFire    . . .     SeeInvis .   (weapon currently unavailable)
rCold    . . .     Gourm    .   (shield currently unavailable)
rNeg     . . .     Faith    .   (armour currently unavailable)
rPois    .         Spirit   .   (helmet currently unavailable)
rElec    .         Reflect  .   (cloak currently unavailable)
rCorr    .         Harm     .   (gloves currently unavailable)
MR       .....                  (boots currently unavailable)
Stlth    ++........             (no amulet)
HPRegen  0.29/turn              (ring currently unavailable)
MPRegen  0.13/turn              (ring currently unavailable)

@: pig-form, very quick
A: small, (retaliatory headbutt), blurry vision 1, screaming 1
a: Berserk, Trog's Hand, Brothers in Arms, Renounce Religion


You were on level 4 of the Lair of Beasts.
You worshipped Trog.
Trog was extremely pleased with you.
You were not hungry.
You were a filthy swine.
You visited 2 branches of the dungeon, and saw 17 of its levels.
You also visited: Labyrinth, Sewer and Ossuary.

You collected 1218 gold pieces.
You spent 65 gold pieces at shops.

Inventory:

Hand Weapons
 b - a +5 vampiric battleaxe
 J - a +1 eveningstar of holy wrath
 V - a +0 blowgun
 X - a +1 battleaxe of freezing
 Y - a +1 demon trident of draining
 Z - the +5 glaive "Ziblel" (melded) {pain, rC+}
   (You found it on level 12 of the Dungeon)

   In the hands of one skilled in necromantic magic, it inflicts extra damage on
   living creatures.
   It protects you from cold.
Missiles
 u - 4 needles of confusion
 K - 2 silver javelins (quivered)
Armour
 k - a +2 cloak (melded)
 n - a +1 plate armour (melded)
 t - a +1 pair of boots (melded)
 S - the +3 ring mail of Oreunud {*Contam rF+ Dex+7}
   (You found it on level 13 of the Dungeon)

   It affects your dexterity (+7).
   It protects you from fire.
   It causes magical contamination when unequipped.
 W - +0 ice dragon scales
Jewellery
 o - a ring of see invisible (melded)
 q - an uncursed ring of positive energy
 r - an uncursed ring of poison resistance
 y - a ring of protection from fire (melded)
 D - an uncursed amulet of magic regeneration
 F - an uncursed ring of protection from fire
 L - an uncursed ring of stealth
 U - an uncursed amulet of harm
Wands
 h - a wand of flame (24)
 E - a wand of polymorph (77)
 G - a wand of iceblast (4)
Scrolls
 e - 13 scrolls of identify
 f - 8 scrolls of remove curse
 g - 3 scrolls of enchant armour
 j - 3 scrolls of enchant weapon
 l - 2 scrolls of blinking
 m - 5 scrolls of magic mapping
 p - a scroll of fear
 s - a scroll of fog
 I - 6 scrolls of teleportation
 T - a scroll of noise {unknown}
Potions
 a - 2 potions of invisibility {unknown}
 d - a potion of magic {unknown}
 i - 8 potions of curing
 w - 4 potions of brilliance {unknown}
 x - 2 potions of mutation {unknown}
 z - 7 potions of agility
 A - 2 potions of haste {unknown}
 B - 3 potions of heal wounds {unknown}
 C - 2 potions of ambrosia {unknown}
 H - 3 potions of resistance {unknown}
 M - a potion of berserk rage {unknown}
 N - 3 potions of flight
 O - a potion of degeneration {unknown}
 P - 4 potions of cancellation {unknown}
 Q - a potion of might {unknown}
Comestibles
 c - 29 rations


   Skills:
 + Level 11.7 Fighting
 * Level 19.9 Axes
 - Level 0.1(13.5) Polearms
 * Level 12.0 Armour
 - Level 2.1 Dodging
 - Level 1.9 Stealth


You had 12 spell levels left.
You didn't know any spells.
Your spell library was empty.

Dungeon Overview and Level Annotations

Branches:
Dungeon (13/15)            Temple (0/1) D:6            Lair (4/6) D:10
  Swamp (0/4) Lair:3        Snake (0/4) Lair:2          Orc (0/2) D:10
 Vaults: D:13-14

Altars:
Dithmenos
Gozag
Hepliaklqana
Kikubaaqudgha
Qazlal
Ru
Sif Muna
Trog
Xom
Zin

Shops:
D:5 (   D:8 =   D:10 ([   D:11 *

Annotations:
D:11 3 runed doors, p0werm0de's ghost, novice VSWn
Lair:4 Kirke


Innate Abilities, Weirdness & Mutations

((You reflexively headbutt those who attack you in melee.))
((You have a pair of horns on your head.))
((You are partially covered in yellow scales. (AC +2)))
Scrolls take you a little longer to read.
((Armour fits poorly on your strangely shaped body.))
You occasionally shout uncontrollably at your foes.


Message History

The harpy claws you.
* * * LOW HITPOINT WARNING * * *
The harpy claws you.
* * * LOW HITPOINT WARNING * * *
The harpy screeches!
The harpy completely misses you. The harpy claws you!
* * * LOW HITPOINT WARNING * * *
The harpy screeches!
The harpy barely misses you. x2; The harpy claws you.
* * * LOW HITPOINT WARNING * * *
The harpy claws you!
* * * LOW HITPOINT WARNING * * *
There is a stone staircase leading up, spattered with blood here.
You feel better.
The harpy screeches!
You hear an angry hiss.
The harpy completely misses you. x2; The harpy barely misses you.
The harpy claws you.
* * * LOW HITPOINT WARNING * * *
The harpy claws you!
You die...

..#P......S #.P........
#.P........
##..P.....###
##..##..#..PP###
##.#......>....)
#####............# ##
................## ##..#
#.##P........h...##.....
#............HH...P.....
#.####.P##........P..#..
#.###.....#..PP.#
#.#####..#..###....
##..######..#.# ...
#.<†##.....#### #.
#..###....## #.H# #.##.#


You could see 2 harpies.

Vanquished Creatures
  A minotaur (Lab)
  2 hydras (Lair:3)
  2 centaur warriors
  4 two-headed ogres
  6 death yaks (Lair:2)
  An unseen horror (D:11)
  Pikel (D:5)
  2 ugly things
  A manticore (D:11)
  4 spiny frogs
  2 komodo dragons (Lair:2)
  4 trolls
  3 hornets (D:9)
  4 blink frogs (Lair:1)
  2 polar bears (D:11)
  3 hippogriffs
  Sigmund (D:3)
  A shadow (D:11)
  38 yaks
  3 wyverns
  2 basilisks (D:13)
  7 hogs (Lair:4)
  2 wargs (D:10)
  An acid dragon (D:13)
  5 water moccasins
  2 porcupines
  7 orc warriors
  A black bear (D:6)
  2 ice beasts
  2 slaves (D:5)
  A sky beast (D:10)
  A necrophage (D:12)
  2 ogres
  5 centaurs
  4 crocodiles
  2 big kobolds
  12 bullfrogs
  2 water moccasin zombies (Ossuary)
  6 scorpions
  12 killer bees
  A wight (D:10)
  7 crimson imps
  3 howler monkeys
  A bullfrog zombie (D:13)
  A centaur zombie (D:7)
  4 hounds
  5 jellies
  A quasit (D:7)
  A bullfrog skeleton (D:12)
  6 orc priests
  5 centaur skeletons
  5 orc wizards
  4 iguanas
  Terence (D:2)
  5 worker ants
  A killer bee zombie (D:10)
  A hound zombie (D:11)
  2 mummies (Ossuary)
  A worker ant zombie (D:11)
  12 adders
  A shadow imp (D:10)
  16 oozes (Sewer)
  6 adder zombies (Ossuary)
  A worm (D:2)
  13 leopard geckos
  47 orcs
  10 ball pythons
  16 giant cockroaches
  3 gnoll zombies (Ossuary)
  6 goblins
  9 hobgoblins
  17 jackals
  11 kobolds
  3 quokkas
  8 bats
  9 frilled lizards
  4 hobgoblin zombies (Ossuary)
  A jackal skeleton (D:5)
  2 kobold zombies (Ossuary)
  3 leopard gecko skeletons
  6 orc zombies (Ossuary)
  A quokka skeleton (D:5)
  10 rats
  A fungus (Lair:1)
  A plant (Lair:1)
435 creatures vanquished.

Vanquished Creatures (collateral kills)
  A lindwurm (shapeshifter) (D:10)
  A gargoyle (D:10)
  An ice beast (D:10)
  An eye of draining (D:10)
  A centaur (D:10)
  An orc wizard (D:10)
  A leopard gecko (D:10)
  A quokka (D:10)
8 creatures vanquished.

Vanquished Creatures (others)
  An orc priest (D:5)
  An adder zombie (D:5)
  2 orcs (D:5)
  A fungus (Lair:2)
  4 plants
9 creatures vanquished.

Grand Total: 452 creatures vanquished

Notes
Turn   | Place    | Note
-------+----------+-------------------------------------------
     0 | D:1      | Lauz the Minotaur Berserker began the quest for the Orb.
     0 | D:1      | Reached XP level 1. HP: 19/19 MP: 0/0
    88 | D:1      | Reached skill level 4 in Axes
   103 | D:1      | Reached XP level 2. HP: 19/27 MP: 1/1
   563 | D:1      | Reached XP level 3. HP: 33/33 MP: 2/2
   878 | D:2      | Reached ** piety under Trog
  1336 | D:2      | Noticed Terence
  1344 | D:2      | Killed Terence
  1344 | D:2      | Reached skill level 5 in Axes
  1344 | D:2      | Reached XP level 4. HP: 26/41 MP: 3/3
  1624 | D:2      | Found an ancient bone altar of Kikubaaqudgha.
  1734 | D:3      | Noticed Sigmund
  1743 | D:3      | Killed Sigmund
  1743 | D:3      | Reached skill level 5 in Fighting
  1743 | D:3      | Reached skill level 6 in Axes
  1743 | D:3      | Reached XP level 5. HP: 48/48 MP: 4/4
  1761 | D:3      | Reached XP level 6. HP: 13/56 MP: 5/5
  1764 | D:3      | Noticed an orc warrior
  2003 | D:3      | Killed an orc warrior
  2003 | D:3      | Reached skill level 7 in Axes
  2660 | D:3      | Found a glowing silver altar of Zin.
  2660 | D:3      | Found a shadowy altar of Dithmenos.
  2684 | D:4      | Reached skill level 1 in Stealth
  2706 | D:4      | Reached *** piety under Trog
  2707 | D:4      | Found a glowing drain.
  2724 | Sewer    | Entered a sewer
  2764 | Sewer    | Reached skill level 8 in Axes
  2889 | Sewer    | Reached XP level 7. HP: 51/61 MP: 6/6
  3075 | Sewer    | Reached **** piety under Trog
  3089 | Sewer    | Reached skill level 9 in Axes
  3271 | D:4      | Found a sand-covered staircase.
  3276 | Ossuary  | Entered an ossuary
  3405 | Ossuary  | Received a gift from Trog
  3791 | D:4      | Reached skill level 10 in Axes
  3791 | D:4      | Reached XP level 8. HP: 55/70 MP: 7/7
  3793 | D:4      | Found a bloodstained altar of Trog.
  4075 | D:4      | Reached ***** piety under Trog
  4148 | D:5      | Entered Level 5 of the Dungeon
  4196 | D:5      | Noticed Pikel
  4219 | D:5      | Killed Pikel
  4219 | D:5      | Reached skill level 11 in Axes
  4527 | D:5      | Found Gorashryboi's Weapon Emporium.
  4874 | D:5      | Found a hazy altar of Hepliaklqana.
  5100 | D:6      | Reached skill level 12 in Axes
  5103 | D:6      | Reached XP level 9. HP: 61/79 MP: 8/8
  5111 | D:6      | Found a sacrificial altar of Ru.
  5227 | D:6      | Found a deep blue altar of Sif Muna.
  5253 | D:6      | Found a staircase to the Ecumenical Temple.
  5446 | D:6      | Found a stormy altar of Qazlal.
  5791 | D:7      | Noticed a brown ugly thing
  5800 | D:7      | Killed a brown ugly thing
  5800 | D:7      | Reached skill level 13 in Axes
  5875 | D:7      | Received a gift from Trog
  6487 | D:8      | Found Goaforu's Jewellery Shop.
  6640 | D:8      | Reached skill level 14 in Axes
  6640 | D:8      | Reached skill level 5 in Armour
  6818 | D:8      | Found a sacrificial altar of Ru.
  6831 | D:8      | Received a gift from Trog
  7066 | D:8      | Found a shimmering altar of Xom.
  7067 | D:8      | Found an opulent altar of Gozag.
  7211 | D:9      | Reached XP level 10. HP: 79/90 MP: 9/9
  7383 | D:9      | Noticed a centaur warrior
  7395 | D:9      | Killed a centaur warrior
  7752 | D:9      | Noticed a two-headed ogre
  7760 | D:9      | Killed a two-headed ogre
  7760 | D:9      | Reached skill level 15 in Axes
  7782 | D:9      | Noticed a two-headed ogre
  7792 | D:9      | Killed a two-headed ogre
  8605 | D:10     | Entered Level 10 of the Dungeon
  8607 | D:10     | Found Ezeh's Armour Shop.
  8611 | D:10     | Found a staircase to the Orcish Mines.
  8617 | D:10     | Found Qiebo's Weapon Shop.
  8633 | D:10     | Reached XP level 11. HP: 57/97 MP: 10/10
  8827 | D:10     | Found a staircase to the Lair.
  8885 | D:10     | Noticed a two-headed ogre
  8897 | D:10     | Killed a two-headed ogre
  8897 | D:10     | Reached skill level 16 in Axes
  9130 | D:10     | You fall through a shaft for 2 floors!
  9845 | D:13     | Noticed a green ugly thing
  9851 | D:13     | Killed a green ugly thing
  9851 | D:13     | Reached skill level 10 in Fighting
  9897 | D:13     | Got a polished ring mail
  9908 | D:13     | Identified the +3 ring mail of Oreunud {*Contam rF+ Dex+7} (You found it on level 13 of the Dungeon)
  9951 | D:13     | Gained mutation: Armour fits poorly on your strangely shaped body. [mutagenic glow]
  9999 | D:13     | Reached skill level 17 in Axes
 10248 | D:11     | Noticed a two-headed ogre
 10255 | D:11     | Killed a two-headed ogre
 10397 | D:11     | Found Winigh's Assorted Antiques.
 10404 | D:11     | Bought a blowgun for 65 gold pieces
 10480 | D:11     | Found a bloodstained altar of Trog.
 10694 | D:11     | Found a runed gate.
 10698 | D:11     | Found a runed gate.
 10699 | D:11     | Found a runed gate.
 10704 | D:11     | Noticed p0werm0de's ghost (novice VSWn)
 10704 | D:11     | Noticed a nine-headed hydra
 10775 | D:11     | Noticed an unseen horror
 10781 | D:11     | Killed an unseen horror
 10781 | D:11     | Reached XP level 12. HP: 107/107 MP: 11/11
 11033 | D:10     | Received a gift from Trog
 11543 | D:10     | Noticed a centaur warrior
 11547 | D:10     | Reached skill level 18 in Axes
 11559 | D:10     | Reached skill level 10 in Armour
 11562 | D:10     | Killed a centaur warrior
 11873 | Lair:1   | Entered Level 1 of the Lair of Beasts
 11873 | Lair:1   | Found a labyrinth entrance.
 11880 | Lab      | Entered a labyrinth
 11978 | Lab      | Gained mutation: You are partially covered in yellow scales. (AC +2) [mutagenic glow]
 12012 | Lab      | Gained mutation: You occasionally shout uncontrollably at your foes. [mutagenic glow]
 12034 | Lab      | Gained mutation: Scrolls take you a little longer to read. [mutagenic glow]
 12353 | Lab      | Noticed a minotaur
 12365 | Lab      | Killed a minotaur
 12371 | Lab      | Identified Egueroeh's Disquisition on Augmentations
 13050 | D:12     | Got a twisted glaive
 13185 | Lair:2   | Noticed a death yak
 13190 | Lair:2   | Reached skill level 19 in Axes
 13191 | Lair:2   | Noticed a death yak
 13191 | Lair:2   | Noticed a death yak
 13194 | Lair:2   | Noticed a death yak
 13194 | Lair:2   | Noticed a death yak
 13195 | Lair:2   | Noticed a death yak
 13198 | Lair:2   | Killed a death yak
 13205 | Lair:2   | Killed a death yak
 13205 | Lair:2   | Killed a death yak
 13207 | Lair:2   | Killed a death yak
 13214 | Lair:2   | Killed a death yak
 13216 | Lair:2   | Killed a death yak
 13379 | Lair:2   | Identified the +5 glaive "Ziblel" {pain, rC+} (You found it on level 12 of the Dungeon)
 13402 | Lair:2   | Found a staircase to the Snake Pit.
 13729 | Lair:2   | Reached XP level 13. HP: 100/116 MP: 12/12
 14524 | Lair:3   | Found a staircase to the Swamp.
 15187 | Lair:4   | Noticed Kirke
 15287 | Lair:4   | Mangled by a harpy

Skill      XL: |  1  2  3  4  5  6  7  8  9 10 11 12 13 |
---------------+----------------------------------------+-----
Axes           | 4 5 6 8 10 12 14 15 17 19 | 19.9
Fighting       | 4 5 6 7 8 9 10 11 | 11.7
Armour         | 3 5 8 9 11 12 | 12.0
Stealth        | 1 |  1.9
Polearms       | |  0.1
Dodging        | |  2.1

Action                   |  1- 3 |  4- 6 |  7- 9 | 10-12 | 13-15 || total
-------------------------+-------+-------+-------+-------+-------++-------
Melee: Hand axe          |    83 |   135 |   235 |       |       ||   453
       Headbutt          |    15 |    20 |    79 |    85 |    22 ||   221
       War axe           |       |       |   106 |       |       ||   106
       Battleaxe         |       |       |     6 |   391 |    18 ||   415
       Demon trident     |       |       |       |       |    58 ||    58
       Glaive            |       |       |       |       |    37 ||    37
Invok: Berserk           |       |     2 |     2 |     5 |       ||     9
       Trog's Hand       |       |       |       |     1 |       ||     1
       Brothers in Arms  |       |       |       |     1 |       ||     1
  Use: Potion            |       |     1 |     1 |       |     1 ||     3
       Scroll            |       |       |     6 |    19 |     1 ||    26
 Stab: Sleeping          |     1 |     1 |     1 |     2 |       ||     5
       Paralysed         |       |       |     1 |       |       ||     1
  Eat: Chunk             |     1 |     4 |     7 |    18 |     3 ||    33
       Ration            |       |     1 |     4 |     2 |     1 ||     8
Armor: Animal skin       |    14 |    25 |    64 |       |       ||   103
       Ring mail         |       |       |    12 |    61 |       ||    73
       Chain mail        |       |       |     7 |    74 |       ||    81
       Plate armour      |       |       |       |    43 |    70 ||   113
Dodge: Dodged            |    72 |    92 |   188 |   181 |    44 ||   577
